[Event "Late-Titled-Tuesday-Blitz-October-10-2023"]
[Site "Chess.com"]
[Date "2023.10.10"]
[Round "1"]
[White "andrzej"]
[Black "Bauman_Guy"]
[Result "1/2-1/2"]
[WhiteElo "2457"]
[BlackElo "2853"]
[TimeControl "180+1"]
[EndTime "14:07:13 PDT"]
[Termination "Game drawn - insufficient material"]

1. e4 c6 2. d4 d5 3. e5 Bf5 4. h4 h5 5. Bd3 Bxd3 6. Qxd3 Qa5+ 7. Nd2 e6 8. Nf3 Nh6 9. O-O Nf5 10. c3 Be7 11. Nb3 Qa6 12. Qxa6 Nxa6 13. Bg5 f6 14. Bf4 Kf7 15. g3 Rhg8 16. exf6 gxf6 17. Rfe1 Rae8 18.
Re2 Bf8 19. Rae1 c5 20. Kf1 c4 21. Nbd2 b5 22. b3 Bd6 23. Bxd6 Nxd6 24. b4 Nb8 25.
a4 a6 26. axb5 axb5 27. Ra1 Nc6 28. Ra6 Rc8 29. Re1 Ke7 30. Rea1 Kd7 31. Ke2 Rge8 32. Kf1 Rc7 33. Rb6 Rb7 34. Rxb7+ Nxb7 35. Ra6 Kc7 36.
Nb1 Nd6 37. Ra2 e5 38. dxe5 fxe5 39. Rd2 d4 40. cxd4 exd4 41. Nxd4 Nxb4 42. Nxb5+ Nxb5 43. Rb2 Nd3 44. Rxb5 Kc6 45. Nc3 Re1+ 46. Kg2 Rc1 47.
Rxh5 Rxc3 48. Rh8 Ra3 49. h5 Ra7 50. h6 Rc7 51. h7 Kc5 52. g4 c3 53. Rd8 Nf4+ 54.
Kf3 Rxh7 55. Kxf4 Rc7 56. Rd1 Kc4 57. g5 c2 58. Rc1 Kd3 59. Kf5 Kd2 60. Rf1 Ke2 61. Rh1 Kxf2 62. g6 c1=Q 63. Rxc1 Rxc1 64. g7 Rc8 65. Kf6 Kg3 66. Kf7 Kf4 67. g8=Q Rxg8 68.
Kxg8 1/2-1/2

[Event "Late-Titled-Tuesday-Blitz-October-10-2023"]
[Site "Chess.com"]
[Date "2023.10.10"]
[Round "1"]
[White "Russian_berezka"]
[Black "falzehope0"]
[Result "1-0"]
[WhiteElo "2663"]
[BlackElo "2340"]
[TimeControl "180+1"]
[EndTime "14:07:13 PDT"]
[Termination "Russian_berezka won by resignation"]

1. d4 e6 2. Bf4 d5 3. e3 Ne7 4. Nd2 Ng6 5. Bg3 Be7 6. Bd3 f5 7. f4 O-O 8. Ngf3 c5 9. c3 Nc6 10.
O-O Nh8 11. Ne5 Nf7 12. Ndf3 Nfxe5 13. Nxe5 Bd7 14. Qe1 Be8 15. Nxc6 Bxc6 16. b4 c4 17. Bc2 a5 18. a3 Qd7 19. Bh4 Bd6 20. Qd2 Ba4 21.
Rab1 axb4 22. axb4 b5 23. Ra1 Bxc2 24. Qxc2 Qb7 25.
Qb2 Rfc8 26. h3 Kf7 27. g4 g6 28. Rfb1 Bf8 29. Ra5 Rxa5 30. bxa5 b4 31. cxb4 Qb5 32. Qc3 Rb8 33. Be1 fxg4 34. hxg4 h5 35. gxh5 gxh5 36. Qc2 Be7 37. Qh7+ Ke8 38. Qxh5+ Kd7 39. Qf7 Rf8 40. Qh7 Qa4 41. Bh4 Re8 42. f5 Kd6 43. Bg3+ Kc6 44. Qf7 Kd7 45. Qxe6+ Kd8 46. Qb6+ 1-0

[Event "Late-Titled-Tuesday-Blitz-October-10-2023"]
[Site "Chess.com"]
[Date "2023.10.10"]
[Round "1"]
[White "SanchezKelvin"]
[Black "Hirna2005"]
[Result "1-0"]
[WhiteElo "2610"]
[BlackElo "2275"]
[TimeControl "180+1"]
[EndTime "14:07:14 PDT"]
[Termination "SanchezKelvin won by resignation"]

1. e4 g6 2. g3 Bg7 3. Bg2 c5 4. Ne2 d6 5. O-O Nc6 6. c3 Nf6 7. d4 cxd4 8. cxd4 O-O 9. Nbc3 Bd7 10. h3 Qc8 11. Kh2 a6 12. Be3 b5 13. Rc1 Qd8 14. f4 Rc8 15. e5 Ne8 16. g4 Nc7 17. Ng3 e6 18. exd6 Ne8 19. Nce4 Nb4 20. Rxc8 Qxc8 21. a3 Nd5 22. Bg1 Qb8 23. Nc5 Qxd6 24. Nge4 Qe7 25. Nxa6 Bc6 26. Nac5 Nd6 27. Ng3 Nc4 28. Qe2 Qc7 29. a4 Nxf4 30. Rxf4 Qxf4 31. Bxc6 Bxd4 32. Bxd4 Qxd4 33. Bxb5 Nxb2 34. Nce4 Rd8 35. h4 Nd1 36. Kh3 Qg1 37. Qf3 Rd2 38. g5 Rh2+ 39. Kg4 Ne3+ 40. Kf4 Nd5+ 41. Ke5 Qa1+ 42. Kd6 Qa3+ 43. Qxa3 1-0

[Event "Late-Titled-Tuesday-Blitz-October-10-2023"]
[Site "Chess.com"]
[Date "2023.10.10"]
[Round "1"]
[White "filipluczak05"]
[Black "nitpicker"]
[Result "1-0"]
[WhiteElo "2609"]
[BlackElo "2269"]
[TimeControl "180+1"]
[EndTime "14:07:15 PDT"]
[Termination "filipluczak05 won on time"]

1. d4 Nf6 2. Nc3 d5 3. Bf4 a6 4. e3 e6 5. g4 Bd6 6. g5 Ne4 7.
Nxe4 Bxf4 8. exf4 dxe4 9. c3 b6 10. Bg2 Bb7 11. Qc2 Qd5 12. Ne2 f5 13. c4 Qd6 14.
O-O-O Nd7 15. Qc3 O-O 16. h4 Rfd8 17. h5 Rac8 18. h6 g6 19. Kb1 Re8 20. Rh3 Re7 21.
Rd2 Rd8 22. a3 Nc5 23. Re3 Nd3 24. Nc1 Nxf4 25. Bf1 e5 26. c5 bxc5 27. Bc4+ Kh8 28. d5 Nxd5 29. Qb3 c6 30. Re1 Red7 31. Ka1 Qe7 32.
Red1 Qxg5 33. Ne2 Qxh6 34. Nc3 Nf6 35. Rxd7 Rxd7 36. Rxd7 Nxd7 37. Qxb7 Nf6 38. Qxc6 1-0

[Event "Late-Titled-Tuesday-Blitz-October-10-2023"]
[Site "Chess.com"]
[Date "2023.10.10"]
[Round "1"]
[White "Kiborg95"]
[Black "JonasGallasch"]
[Result "1-0"]
[WhiteElo "2810"]
[BlackElo "2431"]
[TimeControl "180+1"]
[EndTime "14:07:16 PDT"]
[Termination "Kiborg95 won by resignation"]

1. e4 c6 2. d4 d5 3. e5 Bf5 4. h4 h5 5. c4 e6 6. Nc3 Nd7 7. cxd5 cxd5 8. Bd3 Ne7 9. Bg5 Bxd3 10.
Qxd3 Qb6 11. Nf3 a6 12. O-O Nf5 13. Nxd5 exd5 14. Qxf5 Qe6 15. Qxe6+ fxe6 16. Rac1 Be7 17. Rc7 Rb8 18. Rfc1 Kd8 19. a4 Rf8 20. b4 Rf7 21. Kf1 Nb6 22. a5 Nc4 23. Rxe7 Rxe7 24. Ke2 b6 25. Nd2 Nxd2 26. Kxd2 bxa5 27. bxa5 Rb4 28. Kd3 Kd7 29. Bxe7 Kxe7 30. Rc7+ Kd8 31. Rc6 Rb3+ 32. Kd2 Rb4 33. Ke3 Rb3+ 34. Kf4 Rd3 35. Rxe6 Rxd4+ 36.
Kf3 Rd2 37. Rxa6 d4 38. Ra7 g6 39. Ra6 Ra2 40. Rxg6 Rxa5 41. Ke4 d3 42. Rd6+ Ke7 43. Rxd3 Ra4+ 44. Rd4 Ra2 45. Kf3 Ke6 46. Re4 Kf5 47. Re3 Ra4 48. e6 Ra8 49. e7 Re8 50. g3 Kf6 51.
Kf4 Kf7 52. Kf5 Kg7 53. Kg5 Kf7 54. Kxh5 Kf6 55. Kg4 Kg6 56. Kh3 Kf6 57. g4 Kg6 58. f4 Kf6 59. h5 Kf7 60. g5 1-0

[Event "Late-Titled-Tuesday-Blitz-October-10-2023"]
[Site "Chess.com"]
[Date "2023.10.10"]
[Round "1"]
[White "Semetey"]
[Black "DonJuanEGenaro"]
[Result "1-0"]
[WhiteElo "2531"]
[BlackElo "1915"]
[TimeControl "180+1"]
[EndTime "14:07:17 PDT"]
[Termination "Semetey won on time"]

1. d4 Nf6 2. c4 c5 3. d5 e6 4. Nc3 exd5 5. cxd5 d6 6. e4 g6 7. f4 Bg7 8. Bb5+ Nbd7 9. Nf3 a6 10. Be2 O-O 11. a4 Re8 12. Qc2 Qe7 13. Nd2 Nb6 14. O-O Ng4 15. Bxg4 Bxg4 16. a5 Nd7 17. h3 Bd4+ 18.
Kh2 Nf6 19. hxg4 Nxg4+ 20. Kg3 Ne3 21. Qd3 Nxf1+ 22. Nxf1 Bxc3 23. bxc3 Qxe4 24. Qxe4 Rxe4 25. Be3 Rae8 26. Kf3 Rc4 27. Ra3 Rce4 28. Rb3 R8e7 29. Bf2 Ra4 30. Bh4 Rd7 31. Ne3 Rxa5 32. c4 b5 33. Bf6 b4 34. Rb1 Ra3 35. Kf2 a5 36. Ng4 a4 37. Nh6+ Kf8 38. Re1 Ra2+ 39. Kg3 b3 40.
Kh3 Rc2 41. g4 b2 42. g5 Rc1 43. Bg7+ Kxg7 44. Re8 Rc3+ 45. Kg2 Rc2+ 46. Kf3 Rc3+ 47. Kf2 Rc2+ 48. Ke3 Rc3+ 49. Kd2 Rd3+ 50. Ke2 Re7+ 51.
Rxe7 1-0

[Event "Late-Titled-Tuesday-Blitz-October-10-2023"]
[Site "Chess.com"]
[Date "2023.10.10"]
[Round "1"]
[White "Harald_Schmidt"]
[Black "TatjanaVasilevich"]
[Result "0-1"]
[WhiteElo "2330"]
[BlackElo "2644"]
[TimeControl "180+1"]
[EndTime "14:07:19 PDT"]
[Termination "TatjanaVasilevich won by checkmate"]

1. e4 c5 2. Nf3 Nc6 3. Bb5 g6 4.
O-O Bg7 5. Re1 e5 6. a4 Nge7 7. c3 O-O 8. d3 a6 9. Bc4 d6 10. Be3 Rb8 11. d4 cxd4 12. cxd4 Bg4 13.
d5 Nd4 14. Nbd2 b5 15. axb5 axb5 16. Bd3 Nxf3+ 17. Nxf3 f5 18. h3 fxe4 19. hxg4 exd3 20. Qxd3 Qd7 21. Ng5 Qxg4 22. Ra7 Bf6 23. Ne6 Rfc8 24. Rd7 e4 25. Qb3 Nf5 26. Ra1 Ra8 27. Rb1 Nh4 28. g3 Be5 29. Qd1 Nf3+ 30. Kf1 Rc4 31. Bf4 Rac8 32.
Bxe5 Qh3+ 33. Ke2 dxe5 34. Qh1 Nd4+ 35. Ke3 Nf5+ 36. Ke2 Rc2+ 37. Kd1 Qxh1# 0-1

[Event "Late-Titled-Tuesday-Blitz-October-10-2023"]
[Site "Chess.com"]
[Date "2023.10.10"]
[Round "1"]
[White "Superfelix"]
[Black "realmadridfc123"]
[Result "1-0"]
[WhiteElo "2471"]
[BlackElo "2807"]
[TimeControl "180+1"]
[EndTime "14:07:21 PDT"]
[Termination "Superfelix won by resignation"]

1. e4 c6 2. Nc3 d5 3. Qe2 d4 4.
Nd1 e5 5. d3 Bd6 6. g3 h5 7. h4 Bg4 8. f3 Be6 9. Bh3 Qf6 10.
Bxe6 Qxe6 11. Nf2 c5 12. f4 exf4 13. Bxf4 Nc6 14. Nf3 f6 15. Bxd6 Qxd6 16. O-O-O Nh6 17. Rhg1 O-O-O 18. Kb1 Qd7 19. Qd2 Ng4 20. Nxg4 hxg4 21. Nh2 Ne5 22. Rdf1 b6 23. Rf5 Kb7 24. h5 Rh6 25.
Qf4 Rdh8 26. Nxg4 Nxg4 27. Qxg4 Rxh5 28. Rgf1 Rh2 29. e5 Qa4 30. Qe4+ Ka6 31. b3 Qa5 32.
exf6 gxf6 33. Rxf6 Rxc2 34. Kxc2 Rh2+ 35. R6f2 Qxa2+ 36. Kc1 Rxf2 37. Rxf2 Qxf2 38. g4 Ka5 39. Kd1 Kb4 40. Qe1+ Qxe1+ 41. Kxe1 Kxb3 42. Kd2 b5 43. g5 c4 44. g6 c3+ 45. Kc1 Ka2 46. g7 b4 47.
g8=Q+ b3 48. Qc4 1-0

[Event "Late-Titled-Tuesday-Blitz-October-10-2023"]
[Site "Chess.com"]
[Date "2023.10.10"]
[Round "1"]
[White "Beca95"]
[Black "KamlaPasand"]
[Result "1-0"]
[WhiteElo "2834"]
[BlackElo "2444"]
[TimeControl "180+1"]
[EndTime "14:07:22 PDT"]
[Termination "Beca95 won by resignation"]

1. c4 e5 2. Nf3 Nc6 3. d3 Nf6 4. a3 d5 5. cxd5 Nxd5 6. e4 Nb6 7. Be2 Be6 8. Be3 Be7 9. Nbd2 f6 10. Rc1 O-O 11.
O-O Nd4 12. Nxd4 exd4 13. Bf4 c5 14. Bg4 Bxg4 15. Qxg4 Qd7 16. Qe2 Rac8 17. Rc2 Bd6 18.
Bxd6 Qxd6 19. Rfc1 Rc7 20. b3 Rfc8 21. a4 Nd7 22.
Nc4 Qe7 23. f4 b6 24. Qh5 Nb8 25. Re2 Nc6 26. e5 fxe5 27. Nxe5 g6 28. Qf3 Nxe5 29. Rxe5 Qf7 30. Rc4 Re7 31. Rxe7 Qxe7 32. h3 Re8 33. Kh2 Qe3 34. b4 Qxf3 35. gxf3 Re3 36. bxc5 bxc5 37.
Kg3 Rxd3 38. Rxc5 Ra3 39. Ra5 d3 40. Rxa7 d2 41. Rd7 Rxa4 42. Rxd2 Ra5 43. Rd7 Kh8 44. Re7 Kg8 45. Re5 Ra6 46. f5 gxf5 47. Rxf5 Kg7 48. Kg4 Kg6 49. Rg5+ Kf6 50. h4 Ra4+ 51.
f4 h6 52. Rf5+ Kg6 53. h5+ Kh7 54. Re5 Ra6 55. Kf5 Kg7 56. Re7+ Kg8 57. Re6 Ra5+ 58.
Kg6 Kf8 59. Rf6+ Ke7 60. Rf7+ Ke8 61. f5 Ra6+ 62. Rf6 Ra1 63. Kg7 Rg1+ 64. Rg6 Rf1 65. Re6+ Kd7 66. Kg6 Rg1+ 67. Kxh6 Rg8 68. Re2 Rg3 69.
f6 Rf3 70. Kg7 Rg3+ 71. Kf8 Rh3 72. f7 Rxh5 73. Rd2+ Ke6 74. Ke8 Ra5 75. Re2+ Kf6 76. f8=Q+ 1-0

[Event "Late-Titled-Tuesday-Blitz-October-10-2023"]
[Site "Chess.com"]
[Date "2023.10.10"]
[Round "1"]
[White "DrCeltic"]
[Black "Mykola-Bortnyk"]
[Result "0-1"]
[WhiteElo "2497"]
[BlackElo "2960"]
[TimeControl "180+1"]
[EndTime "14:07:27 PDT"]
[Termination "Mykola-Bortnyk won by resignation"]

1. e4 Nf6 2. e5 Nd5 3. d4 d6 4. Nf3 dxe5 5. Nxe5 c6 6. Be2 Bf5 7. O-O Nd7 8. Nxd7 Qxd7 9. c3 e6 10. Nd2 Bd6 11. Nf3 h6 12. a4 a5 13. Bd3 Bg4 14. h3 Bh5 15. g4 Bg6 16. Bxg6 fxg6 17. Re1 O-O 18. Ne5 Bxe5 19. Rxe5 g5 20. Qe2 Rf6 21.
Bd2 Raf8 22. Re1 Qf7 23. Rf1 Rf3 24. Kg2 Rf6 25. c4 Nf4+ 26. Bxf4 Rxf4 27. Rxe6 Rxd4 28. Re7 Qxc4 29. Qxc4+ Rxc4 30. Rxb7 Rxa4 31. Rc1 Rf6 32. Rc7 Raf4 33. Rc2 Rb4 34. Rd2 Kh7 35. Rdd7 Rg6 36.
Rd2 a4 37. Ra7 Rf6 38. Rdd7 Rxb2 39. Rxg7+ Kh8 40. Rh7+ Kg8 41. Rag7+ Kf8 42. Ra7 Rbxf2+ 43. Kg1 Rf7 44. Ra8+ Ke7 45. Rxh6 Rf1+ 46. Kg2 R1f2+ 47. Kg1 Ra2 48. Ra7+ Kf8 49. Rxf7+ Kxf7 50. Rxc6 a3 51.
Ra6 Ke7 52. Ra5 Kd6 53. Rxg5 Rb2 54. Ra5 a2 55. h4 Rb1+ 56. Kg2 a1=Q 57. Rxa1 Rxa1 58.
Kg3 Ke5 59. h5 Kf6 0-1

[Event "Late-Titled-Tuesday-Blitz-October-10-2023"]
[Site "Chess.com"]
[Date "2023.10.10"]
[Round "1"]
[White "mishanick"]
[Black "maksimys18"]
[Result "1-0"]
[WhiteElo "3087"]
[BlackElo "2520"]
[TimeControl "180+1"]
[EndTime "14:07:28 PDT"]
[Termination "mishanick won on time"]

1. d4 e6 2. c4 d5 3. Nc3 Be7 4. Nf3 Nf6 5. g3 O-O 6. Bg2 b6 7. O-O Bb7 8. cxd5 Nxd5 9. Qc2 Nd7 10. e4 Nxc3 11. bxc3 c5 12. Rd1 cxd4 13. cxd4 Rc8 14. Qe2 Nf6 15. Ne5 Rc7 16. Bf4 Rc3 17. d5 exd5 18. exd5 Bc5 19. Nc6 Qe8 20. Qb2 Rc4 21. Re1 Ne4 22. Re2 Bxc6 23. dxc6 Qxc6 24. Rae1 Re8 25.
Qb3 b5 26. Qd3 f5 27. h4 h6 28. h5 Kh7 29. Kh2 a6 30. f3 Rd4 31. Qc2 Rc4 32. Qb1 Rb4 33. Qd3 Rd4 34. Qb3 Nf6 35. Rxe8 Nxe8 36.
Qf7 Nf6 37. Bxh6 Rh4+ 38. gxh4 Qd6+ 39. Kh1 Qf8 40. Qg6+ Kh8 41. Bg5 1-0

[Event "Late-Titled-Tuesday-Blitz-October-10-2023"]
[Site "Chess.com"]
[Date "2023.10.10"]
[Round "1"]
[White "rookoco"]
[Black "Efremov_Vlad"]
[Result "1-0"]
[WhiteElo "2753"]
[BlackElo "2412"]
[TimeControl "180+1"]
[EndTime "14:07:28 PDT"]
[Termination "rookoco won by checkmate"]

1. e4 c5 2. Nf3 e6 3. d4 cxd4 4.
Nxd4 Nf6 5. Nc3 Nc6 6. a3 d5 7. exd5 exd5 8. Bb5 Bd7 9. O-O Be7 10. Re1 O-O 11. Bf4 a6 12. Ba4 Bc5 13. Be3 Qb6 14. Bxc6 Bxc6 15. b4 Bxd4 16. Bxd4 Qd8 17. Qf3 Ne4 18. Rad1 Qd7 19. Nxe4 dxe4 20. Qg3 f5 21. Bc5 f4 22. Qb3+ Qf7 23. Bxf8 Qxb3 24.
cxb3 Rxf8 25. a4 Rf5 26. Rd4 Rg5 27. Kf1 Rh5 28. h3 f3 29. gxf3 exf3 30. h4 Rd5 31.
Rxd5 Bxd5 32. Re7 Bxb3 33. a5 Bd5 34. Ke1 Kf8 35. Rc7 h6 36. Kd2 g5 37. hxg5 hxg5 38. Ke3 Bc6 39. Kd4 g4 40. Ke3 Ke8 41. Kf4 Kd8 42.
Rxc6 bxc6 43. Kxg4 Kd7 44. Kxf3 c5 45. bxc5 Kc6 46.
Ke4 Kxc5 47. f4 Kb5 48. Kd5 Kxa5 49. Kc5 Ka4 50. f5 a5 51. f6 Kb3 52. f7 a4 53.
f8=Q a3 54. Qf3+ Kb2 55. Kb4 a2 56. Qe2+ Kb1 57. Kb3 a1=Q 58. Qc2# 1-0

[Event "Late-Titled-Tuesday-Blitz-October-10-2023"]
[Site "Chess.com"]
[Date "2023.10.10"]
[Round "1"]
[White "Harsha_Bharathakoti"]
[Black "slorovel"]
[Result "0-1"]
[WhiteElo "2904"]
[BlackElo "2506"]
[TimeControl "180+1"]
[EndTime "14:07:29 PDT"]
[Termination "slorovel won by resignation"]

1. e4 c5 2. Nf3 Nc6 3. Bb5 g6 4. O-O Bg7 5. Re1 Nf6 6. c3 O-O 7. h3 e5 8. Bxc6 dxc6 9. d3 Re8 10. Qc2 h6 11. a4 Be6 12. Na3 Rb8 13. Be3 Qe7 14. Nxe5 Nxe4 15. Nxg6 fxg6 16. dxe4 b5 17. axb5 cxb5 18. Qe2 a6 19. f3 Qf7 20. Bxc5 a5 21.
Bd4 b4 22. Nc2 bxc3 23. bxc3 Rb2 24. Reb1 Reb8 25. Rxb2 Rxb2 26. Bxg7 Qxg7 27. Qd3 Qa7+ 28. Nd4 Qc7 29. Kh1 Qg3 30. Ne2 Qf2 31. Qd8+ Kf7 32. Qc7+ Kf8 33. Qd6+ Kf7 34. Nf4 Rb6 35. Qc7+ Kf6 36.
Qd8+ Kg7 37. Nxe6+ Rxe6 38. Qd4+ Qxd4 39. cxd4 Ra6 40.
Ra4 Kf6 41. Kg1 g5 42. Kf2 h5 43. Ke3 Ke6 44. Kd3 Kd6 45. Kc4 h4 46. e5+ Ke6 47.
Kc5 Ra8 48. Kb6 Rb8+ 49. Kxa5 Rb2 50. Rc4 Rxg2 51. Rc6+ Kd5 52. Re6 Kxe6 0-1

[Event "Late-Titled-Tuesday-Blitz-October-10-2023"]
[Site "Chess.com"]
[Date "2023.10.10"]
[Round "1"]
[White "Mikhail_Golubev"]
[Black "luca_va99"]
[Result "1-0"]
[WhiteElo "2606"]
[BlackElo "2259"]
[TimeControl "180+1"]
[EndTime "14:07:29 PDT"]
[Termination "Mikhail_Golubev won by checkmate"]

1. e4 c6 2. d4 d5 3. e5 c5 4. dxc5 Nc6 5. f4 Nh6 6. Be3 Bg4 7. Qd2 e6 8. Bb5 Nf5 9. Bf2 Bh5 10. h3 Bg6 11.
Nf3 Be7 12. Nc3 h5 13. O-O-O h4 14. Ne2 a6 15. Bxc6+ bxc6 16. Ned4 Qc7 17. Nxf5 Bxf5 18.
Nd4 Be4 19. Rhg1 Qb7 20. g4 hxg3 21. Rxg3 g6 22. Rb3 Qd7 23. Qa5 O-O 24. h4 Kg7 25. h5 gxh5 26. Rg3+ Kh7 27. Rh3 Bg6 28. Qc3 Rh8 29. Rg1 Kg7 30. f5 exf5 31. e6 fxe6 32. Nxf5+ Kf7 33. Qg7+ Ke8 34. Qxh8+ Bf8 35. Nd6+ Kd8 36.
Qxf8+ Kc7 37. Qxa8 Qg7 38. Qa7+ Kd8 39. Qxg7 e5 40.
Qf6+ Kd7 41. Rxg6 d4 42. Rg7# 1-0

[Event "Late-Titled-Tuesday-Blitz-October-10-2023"]
[Site "Chess.com"]
[Date "2023.10.10"]
[Round "1"]
[White "subham777"]
[Black "nihalsarin"]
[Result "0-1"]
[WhiteElo "2523"]
[BlackElo "3114"]
[TimeControl "180+1"]
[EndTime "14:07:30 PDT"]
[Termination "nihalsarin won on time"]

1. e4 e5 2. Nf3 Nc6 3. Bc4 Bc5 4. c3 Nf6 5. d3 d6 6. Nbd2 a6 7. Nf1 Ba7 8. Ng3 O-O 9. Bg5 h6 10. Bh4 Nb8 11. Qd2 Nbd7 12. Bb3 Kh7 13. Bc2 Re8 14. O-O-O g6 15. d4 Qe7 16. Rhe1 Kg7 17. Kb1 Nf8 18. h3 N8h7 19. Ne2 Bd7 20. dxe5 dxe5 21. Bg3 Qc5 22. b4 Qb6 23. Bxe5 Rxe5 24. Nxe5 Be8 25. f3 a5 26. Nc4 Qa6 27. Nxa5 c5 28. Bd3 b5 29. Qb2 c4 30.
Bc2 Nf8 31. Nd4 Nh5 32. Qc1 Bb8 33. e5 Bc7 34. Be4 Ra7 35. Qc2 Nf4 36. h4 Bxa5 37. bxa5 Qxa5 38. Bc6 b4 39. cxb4 Qxb4+ 40. Ka1 Nd3 41.
Re2 Qc5 42. Bxe8 Qxd4+ 43. Kb1 Rb7+ 44. Qb2 Rxb2+ 0-1

[Event "Late-Titled-Tuesday-Blitz-October-10-2023"]
[Site "Chess.com"]
[Date "2023.10.10"]
[Round "1"]
[White "GHANDEEVAM2003"]
[Black "IamSchrodingersCat"]
[Result "1/2-1/2"]
[WhiteElo "3049"]
[BlackElo "2525"]
[TimeControl "180+1"]
[EndTime "14:07:31 PDT"]
[Termination "Game drawn by repetition"]

1. c4 Nf6 2. Nc3 g6 3. g3 Bg7 4. Bg2 O-O 5. Nf3 d6 6. O-O e5 7. d4 exd4 8. Nxd4 Nbd7 9. b3 Re8 10. Bb2 a6 11. e3 Rb8 12. h3 Nc5 13. Qc2 Ne6 14.
Nce2 Nxd4 15. Nxd4 Qe7 16. Rad1 Ne4 17. Kh2 h5 18.
Ne2 Nf6 19. Nf4 Bf5 20. Qe2 c6 21. Rfe1 Rbd8 22. e4 Bc8 23. Qc2 h4 24. e5 hxg3+ 25. fxg3 dxe5 26. Rxd8 Qxd8 27. Bxe5 Rxe5 28. Rxe5 Ng4+ 29.
hxg4 Bxe5 30. Qe4 Bf6 31. Nd3 Kg7 32. Bf3 Be6 33. Nc5 Qd2+ 34. Qe2 Qxe2+ 35. Bxe2 Bc8 36. Kg2 Be7 37. Ne4 f6 38. Kf3 Kf7 39. Bd3 f5 40. gxf5 gxf5 41. Nf2 Kf6 42. Nh3 Bd6 43. Nf4 Bd7 44.
Bc2 Kg5 45. Nd3 Kf6 46. c5 Be7 47. b4 Be6 48. Bb3 Bxb3 49. axb3 Bf8 50. Ke3 Bh6+ 51. Kd4 Bd2 52. Kc4 Ke6 53. Kd4 Kf6 54. Kc4 Ke6 55. Nf4+ Bxf4 56. gxf4 Ke7 57. Kd3 Kf7 58. Ke3 Kf6 59. Kf3 Kg6 60. Kg3 Kh5 61. Kh3 Kg6 62. Kh4 Kh6 63. Kh3 Kh5 64. Kg3 Kg6 65. Kf3 Kf6 66.
Kf2 Kg6 67. Ke3 Kf6 68. Kd4 Ke6 69. Kc4 Kf6 70. Kd4 Ke6 71. Kc4 1/2-1/2

[Event "Late-Titled-Tuesday-Blitz-October-10-2023"]
[Site "Chess.com"]
[Date "2023.10.10"]
[Round "1"]
[White "NotFischer"]
[Black "ellatambien"]
[Result "0-1"]
[WhiteElo "2267"]
[BlackElo "2607"]
[TimeControl "180+1"]
[EndTime "14:07:32 PDT"]
[Termination "ellatambien won by resignation"]

1. e4 e5 2. f4 Bc5 3. Nf3 d6 4. c3 Bb6 5. d4 exd4 6. cxd4 Nf6 7. Nc3 O-O 8. Bd3 Re8 9. O-O Nc6 10. Bb1 Bg4 11. Be3 Bf5 12. e5 dxe5 13. fxe5 Bxb1 14. Rxb1 Nxe5 15. Nxe5 Rxe5 16. dxe5 Bxe3+ 17. Kh1 Qxd1 18. Rbxd1 Ng4 19. Ne4 Nxe5 20. Rde1 Bb6 21. Ng5 f6 22. Nf3 Nd3 23. Re2 Rd8 24. g3 h6 25. Nh4 Ne5 26. Nf5 a5 27. Kg2 Rd7 28. h4 c6 29. h5 Kh7 30. Rc1 g6 31. hxg6+ Kxg6 32. Nh4+ Kf7 33. Rcc2 Rd1 34. Rcd2 Rg1+ 35. Kh2 Ra1 36. a3 h5 37.
Rxe5 fxe5 38. Rd7+ Ke6 39. Rxb7 Bd4 40. b4 Rxa3 41.
bxa5 Rxa5 42. Rh7 c5 43. Rh6+ Kd5 44. Rxh5 c4 45. Nf3 c3 46. Nxd4 Kxd4 47. Rh4+ Kd3 48.
Rh8 Rc5 49. Rd8+ Ke2 0-1

[Event "Late-Titled-Tuesday-Blitz-October-10-2023"]
[Site "Chess.com"]
[Date "2023.10.10"]
[Round "1"]
[White "Dannyyi"]
[Black "dcremisi"]
[Result "0-1"]
[WhiteElo "2166"]
[BlackElo "2560"]
[TimeControl "180+1"]
[EndTime "14:07:32 PDT"]
[Termination "dcremisi won by resignation"]

1. e4 e6 2. d4 d5 3. Nd2 a6 4. Ngf3 Nf6 5. Bd3 c5 6. exd5 exd5 7. dxc5 Bxc5 8. O-O O-O 9. Nb3 Ba7 10. h3 Nc6 11. Bg5 Qd6 12. c3 h6 13. Bh4 g5 14. Nxg5 hxg5 15. Bxg5 Kg7 16. Qd2 Rh8 17. Bf4 Qe7 18. Rae1 Ne4 19. Bxe4 dxe4 20. Qd5 Be6 21. Qxe4 Rae8 22. Qf3 Qf6 23. Re2 Qg6 24. Bg3 Bd5 25. Qxd5 Rxe2 26. Qf3 Rxb2 27. Nd4 Nxd4 28. Be5+ f6 29.
Bxd4 Bxd4 30. cxd4 Rb1 31. Rxb1 Qxb1+ 32. Kh2 Rf8 33.
Qg3+ Qg6 34. Qc7+ Rf7 35. Qf4 Qg5 36. Qe4 Rd7 37. g3 Qd5 38. Qg4+ Kf8 39. Qg6 Qxd4 40. Qh6+ Ke7 41. Qg7+ Ke6 42. Qg8+ Kd6 43. Qf8+ Kc7 44.
Kg2 Qe4+ 45. Kh2 Rd1 46. Qc5+ Kd7 47. g4 Rh1+ 48. Kg3 Rg1+ 49. Kh4 Qh7+ 50. Qh5 Qxh5+ 51.
gxh5 Ke6 52. h6 Kf7 0-1

[Event "Late-Titled-Tuesday-Blitz-October-10-2023"]
[Site "Chess.com"]
[Date "2023.10.10"]
[Round "1"]
[White "Ishowmoves57"]
[Black "BulteniBo"]
[Result "0-1"]
[WhiteElo "2156"]
[BlackElo "2555"]
[TimeControl "180+1"]
[EndTime "14:07:32 PDT"]
[Termination "BulteniBo won by resignation"]

1. e4 g6 2. d4 Bg7 3. Nc3 d6 4. Be3 Nf6 5. h3 O-O 6. Qd2 e5 7. dxe5 dxe5 8. O-O-O Qxd2+ 9. Rxd2 Be6 10. Bb5 c6 11.
Ba4 b5 12. Bb3 b4 13. Na4 Nxe4 14. Re2 Bxb3 15. axb3 Nd7 16. Nf3 f5 17. Nd2 Ndf6 18. Nxe4 Nxe4 19. Nc5 Nf6 20. Ne6 Rf7 21. Nxg7 Kxg7 22.
Bc5 Re8 23. Bxb4 Nd5 24. Bc3 Rfe7 25. Rhe1 Kf6 26. Bd2 g5 27. c4 Nf4 28. Bxf4 gxf4 29. f3 e4 30. fxe4 fxe4 31. Rf1 Kg5 32. Ref2 Rf7 33.
Re2 e3 34. Kc2 Rd7 35. Kc3 Red8 36. Kb4 Rd2 37. Rfe1 Rxe2 38. Rxe2 Rd2 39. Re1 Rxg2 40. Kc5 Rxb2 41. b4 Kf5 42. Kxc6 Rxb4 43. Kd5 Rb2 44. c5 Rd2+ 45. Kc4 Ke4 46. Kc3 f3 47. c6 Rd6 48. c7 Rc6+ 49. Kb4 Rxc7 50. Kb5 f2 51. Rxe3+ Kxe3 0-1

[Event "Late-Titled-Tuesday-Blitz-October-10-2023"]
[Site "Chess.com"]
[Date "2023.10.10"]
[Round "1"]
[White "PositionalPanther"]
[Black "Krakozia"]
[Result "0-1"]
[WhiteElo "2503"]
[BlackElo "2991"]
[TimeControl "180+1"]
[EndTime "14:07:33 PDT"]
[Termination "Krakozia won on time"]

1. Nf3 c5 2. g3 g6 3. Bg2 Bg7 4.
O-O Nc6 5. c4 e6 6. Nc3 Nge7 7.
e3 O-O 8. d4 d6 9. dxc5 dxc5 10.
Bd2 b6 11. a3 Bb7 12. Qc2 Qc7 13.
Rfd1 Rad8 14. Rab1 Nf5 15. Be1 a6 16. Rxd8 Rxd8 17.
Rd1 h6 18. b3 g5 19. Rxd8+ Qxd8 20. Qd2 g4 21. Qxd8+ Nxd8 22. Nh4 Nxh4 23. gxh4 Bxg2 24.
Kxg2 Nb7 25. h3 gxh3+ 26. Kxh3 Be5 27. Na4 Bc7 28. Bc3 f5 29. f3 Kf7 30. Nb2 e5 31. e4 Ke6 32. Kg2 Nd6 33. exf5+ Nxf5 34. h5 Ng7 35. Bd2 Nxh5 36. Bxh6 Kf5 37. Bd2 e4 38. Kf2 Be5 39. Na4 Bd4+ 40. Kg2 e3 41. Be1 Nf4+ 42. Kg3 Nd3 43. Bc3 e2 44. Bd2 Be3 45. Bc3 b5 46. Nb6 Bf4+ 47. Kg2 b4 48. axb4 cxb4 49. Be1 Be3 50. Bg3 Bxb6 0-1

[Event "Late-Titled-Tuesday-Blitz-October-10-2023"]
[Site "Chess.com"]
[Date "2023.10.10"]
[Round "1"]
[White "ferdipy"]
[Black "bettercallcafu"]
[Result "1/2-1/2"]
[WhiteElo "2350"]
[BlackElo "2658"]
[TimeControl "180+1"]
[EndTime "14:07:33 PDT"]
[Termination "Game drawn by repetition"]

1. e4 c5 2. d4 cxd4 3. c3 Nf6 4. e5 Nd5 5. cxd4 Nc6 6. Nf3 d6 7. Bc4 dxe5 8. dxe5 Ndb4 9. Qxd8+ Nxd8 10. Na3 Be6 11. Bb5+ Nbc6 12. Be3 a6 13. Ba4 b5 14.
Bc2 g6 15. Be4 Rc8 16. O-O Bg7 17. Bf4 O-O 18. b3 Bg4 19. Rac1 Ne6 20. Bg3 Bxf3 21.
Bxf3 Nxe5 22. Bb7 Rxc1 23. Rxc1 Nd4 24. Kf1 a5 25. Ba6 b4 26. Nb5 Nxb5 27. Bxb5 Rd8 28.
Rc5 Nd3 29. Bxd3 Rxd3 30. Rxa5 Bc3 31. Bf4 Kg7 32. Be3 e5 33. Ke2 Rd7 34. g4 f5 35.
gxf5 gxf5 36. f4 exf4 37. Bxf4 Kf6 38. Ra6+ Kf7 39. Ra5 Re7+ 40. Kf3 Kf6 41. h4 Re1 42.
Ra6+ Kf7 43. Ra7+ Kg6 44. Ra6+ Kg7 45. Ra7+ Kg8 46. Ra8+ Kf7 47. Ra7+ Re7 48. Ra5 Ke6 49. Ra6+ Kd5 50. Ra5+ Ke6 51. Ra6+ Kf7 52. Ra5 Ke6 1/2-1/2